AoeStats
← [La14]Uvita

Arabia

508733396Analyzed
1v1 RM · 9d ago on Sep 23, 2026· 49m 1s· 2 players
Game mode
Random Map
Map size
Tiny (2 player)
Population
200
Speed
Normal
Resources
Standard
Victory
Conquest
Starting age
Dark Age
Ending age
Imperial Age
RankedLock teamsTeams togetherTeam positionsShared explorationLock speedFull tech treeHidden civsTurbo modeCheats
Victory
Defeat
🇨🇿 Burgundians · Czechia
907
+15
🇦🇷 Aztecs · Argentina
890
-15
[La14]Uvita
7:12 Loom
10:22 Feudal Age
11:13 Double-Bit Axe
11:21 Gold Mining
18:44 Wheelbarrow
18:50 Forging
21:29 Castle Age
19:56 Scale Mail Armor
21:51 Fletching
22:02 Eagle Warrior
22:44 Squires
22:58 Stone Mining
24:20 Wheelbarrow
24:52 Padded Archer Armor
24:37 Crossbowman
26:43 Bodkin Arrow
27:01 Arson
27:57 Pikeman
29:40 Leather Archer Armor
31:20 Town Watch
34:24 Ballistics
35:12 Horse Collar
36:03 Chain Mail Armor
39:16 Iron Casting
39:30 Heavy Plow
43:13 Man-at-Arms
47:14 Imperial Age
Dr.Big Belly
6:40 Loom
10:46 Feudal Age
9:13 Double-Bit Axe
10:02 Horse Collar
12:11 Heavy Plow
13:50 Bow Saw
22:31 Castle Age
21:51 Fletching
22:08 Scale Barding Armor
22:14 Forging
23:32 Husbandry
22:52 Cavalier
22:54 Light Cavalry
25:33 Wheelbarrow
24:43 Town Watch
28:21 Gold Mining
28:22 Stone Mining
31:38 Scale Barding Armor
31:43 Forging
33:30 Hand Cart
33:15 Town Patrol
36:22 Crop Rotation
36:55 Two-Man Saw
36:34 Chain Barding Armor
37:07 Burgundian Vineyards
40:35 Iron Casting
39:59 Elite Skirmisher
43:54 Imperial Age
44:33 Gold Shaft Mining
44:34 Stone Shaft Mining
45:57 Elite Coustillier
48:37 Chemistry
48:50 Bodkin Arrow
48:27 Hussar
Connection lost

Rejoining the realm…

Still unreachable

The connection could not be restored.

Session expired

The server has moved on; the page needs a fresh start.